[Event "ICC tourney 2316 (120 10)"]
[Site "Internet Chess Club"]
[Date "2021.01.17"]
[Round "3"]
[White "CoolBoy2020"]
[Black "dopolian"]
[Result "1/2-1/2"]
[ICCResult "White stalemated"]
[WhiteElo "2197"]
[BlackElo "2267"]
[Opening "Ruy Lopez: open (Tarrasch) defense"]
[ECO "C80"]
[NIC "RL.27"]
[Time "11:01:56"]
[PlyCount "154"]
[TimeControl "7200+10"]

1. e4 e5 2. Nf3 Nc6 3. Bb5 a6 4. Ba4 Nf6 5. O-O Nxe4 6. Re1 Nc5 7. Bxc6
dxc6 8. Nxe5 Be7 9. d4 Ne6 10. c3 O-O 11. Be3 f6 12. Nd3 Re8 13. Nd2 Bf8
14. Qb3 b5 15. f4 Qd5 16. Qxd5 cxd5 17. a4 bxa4 18. Rxa4 Bd7 19. Raa1 Bb5
20. Nf2 Bd6 21. g3 c5 22. Nb3 c4 23. Nd2 a5 24. Nd1 a4 25. Bf2 Bd7 26. Ne3
Nc7 27. Ndxc4 dxc4 28. Nxc4 Rxe1+ 29. Bxe1 Ra6 30. Ne3 Nb5 31. Rd1 a3 32.
bxa3 Rxa3 33. Nc4 Rb3 34. Rc1 Be6 35. Na5 Ra3 36. Nb7 Bd5 37. Nc5 Bxc5 38.
dxc5 Bc6 39. Rc2 Kf7 40. Kf2 Ra4 41. Ke3 Re4+ 42. Kf2 Ke6 43. Rd2 Rc4 44.
Re2+ Be4 45. Ke3 f5 46. Ra2 Rxc5 47. g4 Bd5 48. Ra6+ Rc6 49. gxf5+ Kxf5 50.
Ra5 Bc4 51. Bg3 Re6+ 52. Kf3 Rd6 53. Kg2 Rd3 54. Kh3 Rxc3 55. Ra8 Nd6 56.
Ra5+ Kf6 57. Kg2 Ne4 58. Bh4+ Kg6 59. f5+ Kh5 60. Be1 Rc2+ 61. Kf3 Ng5+ 62.
Kg3 Ra2 63. Rxa2 Bxa2 64. Kf4 Bb1 65. Bc3 Kh6 66. Bxg7+ Kxg7 67. Kxg5 Kf7
68. h4 Kg7 69. f6+ Kf7 70. h5 Ke6 71. Kh6 Kf7 72. Kg5 Ba2 73. Kh6 Kg8 74.
Kg5 Kf8 75. Kh6 Bg8 76. Kg5 Kf7 77. Kh6 Kxf6 { White stalemated } 1/2-1/2

[Event "ICC tourney 2316 (120 10)"]
[Site "Internet Chess Club"]
[Date "2021.01.17"]
[Round "3"]
[White "GGuseinov"]
[Black "hidedozyo"]
[Result "1-0"]
[ICCResult "Black resigns"]
[WhiteElo "2715"]
[BlackElo "2393"]
[Opening "Ruy Lopez: exchange variation, Alapin gambit"]
[ECO "C68"]
[NIC "RL.08"]
[Time "11:01:46"]
[PlyCount "89"]
[TimeControl "7200+10"]

1. e4 e5 2. Nf3 Nc6 3. Bb5 a6 4. Bxc6 dxc6 5. O-O Bg4 6. h3 h5 7. d3 Qf6 8.
Nbd2 g5 9. b4 Qg7 10. Nc4 f6 11. hxg4 hxg4 12. Nxg5 Qh6 13. Nh3 Qh4 14. Ne3
gxh3 15. g3 Qh7 16. Bd2 Nh6 17. Qh5+ Nf7 18. Qxh7 Rxh7 19. Kh2 Bd6 20. Nf5
O-O-O 21. f4 Rg8 22. Rf3 exf4 23. Nxd6+ cxd6 24. Bxf4 Ne5 25. Bxe5 fxe5 26.
Raf1 Rgg7 27. a4 Kd7 28. a5 Ke6 29. Rf6+ Ke7 30. Rf8 Rh6 31. R1f3 Ke6 32.
Rb8 d5 33. Re8+ Kd6 34. c4 dxe4 35. dxe4 Rg5 36. Rd3+ Kc7 37. Re7+ Kc8 38.
Rf3 Rg8 39. Rff7 Rhg6 40. Rc7+ Kd8 41. Rxb7 Kc8 42. Ra7 Kb8 43. Rxa6 Rxg3
44. Rb6+ Ka8 45. Rf8+ { Black resigns } 1-0

[Event "ICC tourney 2316 (120 10)"]
[Site "Internet Chess Club"]
[Date "2021.01.17"]
[Round "3"]
[White "shianen"]
[Black "Assured"]
[Result "0-1"]
[ICCResult "White resigns"]
[WhiteElo "2201"]
[BlackElo "2552"]
[Opening "Queen's Indian: Petrosian system"]
[ECO "E12"]
[NIC "QI.04"]
[Time "11:01:45"]
[PlyCount "76"]
[TimeControl "7200+10"]

1. d4 Nf6 2. c4 e6 3. Nf3 b6 4. a3 Bb7 5. Nc3 d5 6. cxd5 Nxd5 7. Qc2 Nxc3
8. bxc3 Be7 9. e4 O-O 10. Bd3 c5 11. O-O Qc7 12. Qe2 Nd7 13. e5 Rfd8 14.
Be3 Nf8 15. Rfd1 Rac8 16. a4 Ng6 17. Rac1 cxd4 18. cxd4 Qd7 19. Bb5 Qd5 20.
Ba6 h6 21. Bxb7 Qxb7 22. Qb2 Bf8 23. Rxc8 Rxc8 24. Rc1 Ne7 25. Rc2 Nd5 26.
Qc1 Rxc2 27. Qxc2 b5 28. axb5 Qxb5 29. Bc1 a5 30. Nd2 Nf4 31. Nc4 Nd5 32.
h3 a4 33. Ba3 Bxa3 34. Nxa3 Qb4 35. Nc4 a3 36. Nd6 Nc3 37. Qd3 Qb1+ 38.
Qxb1 Nxb1 { White resigns } 0-1

[Event "ICC tourney 2316 (120 10)"]
[Site "Internet Chess Club"]
[Date "2021.01.17"]
[Round "3"]
[White "sriramk"]
[Black "ASharikov"]
[Result "1-0"]
[ICCResult "Black resigns"]
[WhiteElo "2192"]
[BlackElo "2281"]
[Opening "French: Steinitz variation"]
[ECO "C11"]
[NIC "FR.04"]
[Time "11:01:52"]
[PlyCount "141"]
[TimeControl "7200+10"]

1. e4 e6 2. d4 d5 3. Nc3 Nf6 4. e5 Ng8 5. f4 c5 6. Nf3 Nh6 7. Be3 Nf5 8.
Bf2 cxd4 9. Nxd4 Nxd4 10. Bxd4 Nc6 11. Bb5 a6 12. Be2 Nxd4 13. Qxd4 Qa5 14.
Qa4+ Qxa4 15. Nxa4 Bb4+ 16. c3 Ba5 17. Nc5 Bb6 18. Nb3 Bd7 19. Nd4 O-O 20.
Kd2 Bc7 21. Bg4 b5 22. g3 g6 23. Rhe1 Rfb8 24. a3 a5 25. b4 Ra7 26. Be2 Bd8
27. Bf1 Rba8 28. Bxb5 axb4 29. cxb4 Bb6 30. Nc6 Rxa3 31. Rxa3 Rxa3 32. Ne7+
Kf8 33. Nxg6+ hxg6 34. Bxd7 Rb3 35. b5 Ba5+ 36. Kc2 Rc3+ 37. Kd1 Rc7 38.
Bc6 Bxe1 39. Kxe1 Ra7 40. b6 Ra2 41. b7 Rb2 42. h4 Ke7 43. Kd1 f6 44. Kc1
Rb6 45. Kd2 fxe5 46. fxe5 Kd8 47. Ke3 Rb4 48. Kf3 Kc7 49. Be8 g5 50. hxg5
Rxb7 51. g6 Kd8 52. Bf7 Ke7 53. Kf4 Rb4+ 54. Kg5 d4 55. Bg8 d3 56. g7 Rb8
57. Bh7 d2 58. Bc2 Rc8 59. Bd1 Kf7 60. Kh6 Kg8 61. Bb3 Kf7 62. Bd1 Kg8 63.
Bb3 Rc6 64. g4 Rb6 65. Bc2 Rb8 66. Bh7+ Kf7 67. Bg6+ Ke7 68. Bc2 Rc8 69.
Bb3 Kf7 70. g5 Rc4 71. g6+ { Black resigns } 1-0

[Event "ICC tourney 2316 (120 10)"]
[Site "Internet Chess Club"]
[Date "2021.01.17"]
[Round "3"]
[White "andrewjiang2"]
[Black "chessrani"]
[Result "1/2-1/2"]
[ICCResult "Game drawn by mutual agreement"]
[WhiteElo "1922"]
[BlackElo "2007"]
[Opening "Sicilian defense"]
[ECO "B30"]
[NIC "SI.31"]
[Time "11:02:30"]
[PlyCount "89"]
[TimeControl "7200+10"]

1. e4 c5 2. Nf3 Nc6 3. c3 d5 4. exd5 Qxd5 5. d4 Bg4 6. Be2 e6 7. O-O Nf6 8.
Be3 cxd4 9. cxd4 Be7 10. Nc3 Qd6 11. Rc1 O-O 12. Qa4 Rac8 13. Rfd1 Rfd8 14.
a3 Qb8 15. b4 Bd6 16. h3 Bh5 17. b5 Ne7 18. Bg5 Bf4 19. Bxf6 Bxc1 20. Be5
Qa8 21. Rxc1 Nd5 22. Qb3 b6 23. Qb2 Nxc3 24. Rxc3 Qd5 25. Qc2 Rxc3 26. Qxc3
Qa2 27. Bc4 Qb1+ 28. Kh2 Rc8 29. Nd2 Qe1 30. Bg3 Bg6 31. f3 Qd1 32. Bf4 Qa4
33. Qb3 Qxb3 34. Bxb3 Rc3 35. Bc4 Rxa3 36. Kg1 Bd3 37. Bb8 Bxc4 38. Nxc4
Ra4 39. Ne5 Rxd4 40. Nc6 Rd1+ 41. Kh2 Kf8 42. Nxa7 Rd7 43. Nc6 Rd5 44. Na7
Rd7 45. Nc6 { Game drawn by mutual agreement } 1/2-1/2

[Event "ICC tourney 2316 (120 10)"]
[Site "Internet Chess Club"]
[Date "2021.01.17"]
[Round "3"]
[White "Ambuli123"]
[Black "SuperWJ"]
[Result "1-0"]
[ICCResult "Black resigns"]
[WhiteElo "2159"]
[BlackElo "1959"]
[Opening "Grünfeld: exchange variation"]
[ECO "D85"]
[NIC "GI.04"]
[Time "11:01:47"]
[PlyCount "85"]
[TimeControl "7200+10"]

1. d4 Nf6 2. c4 g6 3. Nc3 d5 4. cxd5 Nxd5 5. e4 Nxc3 6. bxc3 Bg7 7. Bb5+ c6
8. Ba4 O-O 9. Ne2 e5 10. O-O Qe7 11. Qc2 Rd8 12. Bb2 Bg4 13. f3 Be6 14. Bb3
Nd7 15. f4 exd4 16. Nxd4 Bxb3 17. axb3 c5 18. Nf3 Nf6 19. Rfe1 Qc7 20. e5
Nd5 21. Qe4 Qc6 22. Rad1 Ne7 23. Qxc6 Nxc6 24. c4 Rxd1 25. Rxd1 Rd8 26. Rd5
b6 27. Bc3 Kf8 28. Kf2 Ke8 29. g3 Ne7 30. Rxd8+ Kxd8 31. Ng5 Ke8 32. Nxh7
Ng8 33. Ng5 Ne7 34. Kf3 a6 35. Ne4 Kd7 36. e6+ Kxe6 37. Bxg7 f5 38. Ng5+
Kd7 39. Bc3 b5 40. Nf7 b4 41. Bd2 Ke6 42. Ne5 Kf6 43. Be3 { Black resigns }
1-0

[Event "ICC tourney 2316 (120 10)"]
[Site "Internet Chess Club"]
[Date "2021.01.17"]
[Round "3"]
[White "Adhvaith0406"]
[Black "arsenicblast"]
[Result "1-0"]
[ICCResult "Black resigns"]
[WhiteElo "2033"]
[BlackElo "1989"]
[Opening "Ruy Lopez: closed, Breyer, Borisenko variation"]
[ECO "C95"]
[NIC "RL.25"]
[Time "11:02:05"]
[PlyCount "87"]
[TimeControl "7200+10"]

1. e4 e5 2. Nf3 Nc6 3. Bb5 a6 4. Ba4 Nf6 5. O-O Be7 6. Re1 b5 7. Bb3 d6 8.
c3 O-O 9. h3 Nb8 10. d4 Nbd7 11. c4 b4 12. Bc2 c5 13. d5 Nb6 14. b3 Re8 15.
Nbd2 Bf8 16. Nf1 a5 17. a4 bxa3 18. Ne3 Bd7 19. Rxa3 Ra6 20. Bd2 Qa8 21.
Qa1 a4 22. b4 cxb4 23. Bxb4 Rc8 24. Bd3 Ra7 25. Nd2 Nh5 26. Nb1 Nf4 27. Bf1
Qb8 28. Bd2 g6 29. Nc3 f5 30. g3 Nh5 31. exf5 gxf5 32. Qd1 Ng7 33. f4 Be8
34. Bd3 e4 35. Be2 Rf7 36. Qc2 Qa7 37. Kh2 Bd7 38. Rb1 Rf6 39. Nb5 Qa6 40.
Bc3 Rg6 41. Bd4 Nxd5 42. Nxd5 Bxb5 43. cxb5 Qxb5 44. Qa2 { Black resigns }
1-0

[Event "ICC tourney 2316 (120 10)"]
[Site "Internet Chess Club"]
[Date "2021.01.17"]
[Round "3"]
[White "yqd123yqd456"]
[Black "AJM04"]
[Result "1/2-1/2"]
[ICCResult "Game drawn by repetition"]
[WhiteElo "2366"]
[BlackElo "2050"]
[Opening "QGD Slav: 3.Nf3"]
[ECO "D11"]
[NIC "SL.01"]
[Time "11:02:04"]
[PlyCount "85"]
[TimeControl "7200+10"]

1. d4 d5 2. c4 c6 3. Nf3 Nf6 4. Qb3 e6 5. Nc3 Nbd7 6. Bg5 Qa5 7. cxd5 exd5
8. e3 Ne4 9. Bf4 Be7 10. h3 O-O 11. Be2 Ndf6 12. O-O Qb6 13. Rfc1 Bf5 14.
Na4 Qxb3 15. axb3 Bd6 16. Bxd6 Nxd6 17. g4 Be4 18. Ne5 h6 19. Nc5 Bh7 20.
f3 Rfe8 21. Kf2 Re7 22. h4 Nfe8 23. g5 Nf5 24. Rg1 Ned6 25. Bd3 a6 26. Ng4
Kh8 27. gxh6 Nxh6 28. Nxh6 gxh6 29. Rg4 Rae8 30. Re1 f5 31. Rgg1 f4 32.
exf4 Rxe1 33. Rxe1 Rxe1 34. Kxe1 Bxd3 35. Nxd3 Kg7 36. Nc5 Kg6 37. Kf2 Kf5
38. Ke3 h5 39. b4 Nc4+ 40. Ke2 Nd6 41. Ke3 Nc4+ 42. Ke2 Nd6 43. Ke3 { Game
drawn by repetition } 1/2-1/2

[Event "ICC tourney 2316 (120 10)"]
[Site "Internet Chess Club"]
[Date "2021.01.17"]
[Round "3"]
[White "xcelswimmer"]
[Black "Gfprasanna"]
[Result "0-1"]
[ICCResult "White resigns"]
[WhiteElo "1937"]
[BlackElo "2151"]
[Opening "King's Indian: Sämisch, 5...O-O"]
[ECO "E81"]
[NIC "KI.48"]
[Time "11:01:51"]
[PlyCount "84"]
[TimeControl "7200+10"]

1. d4 Nf6 2. c4 g6 3. f3 Bg7 4. e4 d6 5. Nc3 O-O 6. Be3 Nbd7 7. Qd2 b6 8.
Bd3 c5 9. Nge2 Ba6 10. b3 Re8 11. O-O Qc8 12. Rad1 cxd4 13. Nxd4 Ne5 14.
Be2 Bb7 15. h3 Nc6 16. f4 Nxd4 17. Bxd4 e5 18. Be3 exf4 19. Bxf4 Nxe4 20.
Nxe4 Bxe4 21. Bf3 Bxf3 22. Rxf3 Be5 23. Qd5 Qe6 24. Qb7 Qe7 25. Qd5 Rad8
26. Rdf1 Rd7 27. Rd3 Bxf4 28. Rxf4 Qe6 29. Qc6 d5 30. Qb5 Qd6 31. Rfd4 Re1+
32. Kf2 Rde7 33. Qxd5 R1e2+ 34. Kg1 Re1+ 35. Kf2 Qh2 36. Qg5 R1e2+ 37. Kf3
R7e5 38. Qd8+ Kg7 39. Rg4 Qg1 40. Qd4 Qf1+ 41. Kg3 Rxg2+ 42. Kh4 Qf6+ {
White resigns } 0-1

[Event "ICC tourney 2316 (120 10)"]
[Site "Internet Chess Club"]
[Date "2021.01.17"]
[Round "3"]
[White "aarushnaveen"]
[Black "checkninja"]
[Result "1-0"]
[ICCResult "Black checkmated"]
[WhiteElo "1977"]
[BlackElo "2007"]
[Opening "Sicilian: Najdorf, Byrne (English) attack"]
[ECO "B90"]
[NIC "SI.14"]
[Time "11:01:48"]
[PlyCount "155"]
[TimeControl "7200+10"]

1. e4 c5 2. Nf3 d6 3. d4 cxd4 4. Nxd4 Nf6 5. Nc3 a6 6. Be3 e5 7. Nb3 Be6 8.
f3 h5 9. Qd2 Nbd7 10. O-O-O b5 11. Kb1 Rc8 12. Nd5 Bxd5 13. exd5 Nb6 14.
Bxb6 Qxb6 15. Bd3 Be7 16. g3 g6 17. f4 Nd7 18. f5 g5 19. Rhf1 f6 20. h3 Bd8
21. h4 g4 22. a3 Qb7 23. Rde1 Kf7 24. Qe2 Nc5 25. Nxc5 Rxc5 26. Be4 Bb6 27.
c3 Rcc8 28. Qd2 Kg7 29. Bc2 Bc5 30. Bb3 a5 31. Qd3 b4 32. cxb4 axb4 33. a4
Qb6 34. Rc1 Bd4 35. Rc6 Rxc6 36. dxc6 Qxc6 37. Rc1 Bc5 38. Qc4 Qd7 39. Rf1
Re8 40. Ka2 Qb7 41. Re1 Bf2 42. Rd1 Bd4 43. Rd3 Kh6 44. Qc1+ Kg7 45. Qc4
Kh6 46. Rxd4 exd4 47. Qxd4 Kg7 48. Qxd6 Qe7 49. Qxe7+ Rxe7 50. Be6 Kf8 51.
Kb3 Rb7 52. a5 Ke7 53. a6 Ra7 54. Bc8 Kd6 55. Bb7 Kc5 56. Kc2 Kd4 57. Kd2
Kc4 58. Kc2 Kd4 59. Kb3 Kc5 60. Ka4 Kc4 61. Ka5 Kb3 62. Kb6 Rxa6+ 63. Bxa6
Kxb2 64. Bc4 Kc3 65. Kc5 Kd2 66. Kd6 Ke3 67. Ke6 Kf3 68. Kxf6 Kxg3 69. Kg5
Kh3 70. f6 g3 71. Bf1+ Kh2 72. f7 b3 73. f8=Q b2 74. Qb8 b1=Q 75. Qxb1 Kg1
76. Bh3+ Kh2 77. Qf1 g2 78. Qxg2# { Black checkmated } 1-0

[Event "ICC tourney 2316 (120 10)"]
[Site "Internet Chess Club"]
[Date "2021.01.17"]
[Round "3"]
[White "BrodskyUTD"]
[Black "Mapking1"]
[Result "0-1"]
[ICCResult "White resigns"]
[WhiteElo "2564"]
[BlackElo "1935"]
[Opening "Sicilian: closed, 2...Nc6"]
[ECO "B23"]
[NIC "SI.44"]
[Time "11:02:00"]
[PlyCount "108"]
[TimeControl "7200+10"]

1. e4 c5 2. Nc3 Nc6 3. Bb5 Nd4 4. Nf3 a6 5. Bd3 g6 6. O-O Bg7 7. Rb1 Qa5 8.
a3 b5 9. b4 Qc7 10. Nd5 Qa7 11. bxc5 Qxc5 12. Nxd4 Bxd4 13. c3 Bg7 14. a4
e6 15. Ba3 Qxa3 16. Nc7+ Ke7 17. Nxa8 Qd6 18. Qe2 Bb7 19. axb5 axb5 20. Ra1
Nh6 21. Ra7 Bxa8 22. Bxb5 Bc6 23. Bxc6 Qxc6 24. Rb1 Ra8 25. Rxa8 Qxa8 26.
Qc4 Ng4 27. Qc5+ Ke8 28. d4 f5 29. Qd6 Qa4 30. e5 Kf7 31. Qb4 Qc2 32. Qb2
Qxb2 33. Rxb2 g5 34. Rb7 Ke7 35. h3 Nh6 36. Kf1 g4 37. Ke2 gxh3 38. gxh3
Nf7 39. Kd3 Nd8 40. Rb8 Nc6 41. Ra8 Kf7 42. Kc4 Bf8 43. Kb5 Be7 44. Kb6
Bd8+ 45. Kb7 Ba5 46. c4 Bc3 47. Kc7 Bxd4 48. f4 Ke7 49. Rh8 Nxe5 50. Rxh7+
Nf7 51. h4 e5 52. fxe5 Bxe5+ 53. Kb6 f4 54. Rh5 Kf6 { White resigns } 0-1

[Event "ICC tourney 2316 (120 10)"]
[Site "Internet Chess Club"]
[Date "2021.01.17"]
[Round "4"]
[White "AlexW2007"]
[Black "Adhvaith0406"]
[Result "1/2-1/2"]
[ICCResult "Game drawn by mutual agreement"]
[WhiteElo "2083"]
[BlackElo "2033"]
[Opening "Queen's Indian: 4.g3"]
[ECO "E15"]
[NIC "QI.02"]
[Time "16:16:57"]
[PlyCount "55"]
[TimeControl "7200+10"]

1. d4 Nf6 2. c4 e6 3. Nf3 b6 4. g3 Bb4+ 5. Bd2 Bxd2+ 6. Nbxd2 c5 7. Bg2 Bb7
8. Nb3 cxd4 9. Nbxd4 O-O 10. O-O Nc6 11. Rc1 Nxd4 12. Qxd4 Rc8 13. Rfd1 Qc7
14. b4 Rfd8 15. h3 d6 16. Kh2 h6 17. Qe3 Qe7 18. Qa3 a6 19. Qe3 Qc7 20. Nd2
Bxg2 21. Kxg2 b5 22. cxb5 Qb7+ 23. Nf3 Nd5 24. Qd3 Qxb5 25. Qxb5 axb5 26.
Nd4 Nxb4 27. Rxc8 Rxc8 28. Nxb5 { Game drawn by mutual agreement } 1/2-1/2

[Event "ICC tourney 2316 (120 10)"]
[Site "Internet Chess Club"]
[Date "2021.01.17"]
[Round "4"]
[White "AJM04"]
[Black "BrodskyUTD"]
[Result "0-1"]
[ICCResult "White resigns"]
[WhiteElo "2050"]
[BlackElo "2564"]
[Opening "Sicilian: closed"]
[ECO "B25"]
[NIC "SI.45"]
[Time "16:17:04"]
[PlyCount "62"]
[TimeControl "7200+10"]

1. e4 c5 2. Nc3 d6 3. g3 Nc6 4. Bg2 g6 5. d3 Bg7 6. Nh3 e6 7. O-O Nge7 8.
Be3 b6 9. Qd2 h6 10. f4 Qd7 11. Rad1 Bb7 12. Ne2 d5 13. d4 dxe4 14. dxc5
Qxd2 15. Rxd2 Nd5 16. Bd4 Nxd4 17. Nxd4 bxc5 18. Nb3 Ne3 19. Re1 Nxg2 20.
Rxg2 c4 21. Nd2 c3 22. bxc3 e3 23. Rxe3 Bxg2 24. Kxg2 Rb8 25. Nc4 Ke7 26.
Nf2 Rhc8 27. Ne5 Rb2 28. Ne4 Rxc2+ 29. Kh3 Bxe5 30. fxe5 Rxa2 31. Nd6 Rc5 {
White resigns } 0-1

[Event "ICC tourney 2316 (120 10)"]
[Site "Internet Chess Club"]
[Date "2021.01.17"]
[Round "4"]
[White "hidedozyo"]
[Black "sriramk"]
[Result "1/2-1/2"]
[ICCResult "Game drawn by mutual agreement"]
[WhiteElo "2393"]
[BlackElo "2192"]
[Opening "QGD Slav defense: exchange variation"]
[ECO "D10"]
[NIC "SL.01"]
[Time "16:16:36"]
[PlyCount "53"]
[TimeControl "7200+10"]

1. d4 d5 2. c4 c6 3. cxd5 cxd5 4. Bf4 Nc6 5. e3 Bf5 6. Nc3 Nf6 7. Qb3 Na5
8. Qa4+ Bd7 9. Qc2 Rc8 10. Bd3 e6 11. Nf3 Bb4 12. O-O Nc4 13. Rfc1 O-O 14.
Ne5 h6 15. Qe2 Nxe5 16. Bxe5 Bc6 17. a3 Bd6 18. Bxd6 Qxd6 19. h3 Rfe8 20.
Rd1 a6 21. Rac1 Nd7 22. b4 Nb6 23. b5 axb5 24. Nxb5 Bxb5 25. Bxb5 Red8 26.
Qd3 Rc7 27. Rc3 { Game drawn by mutual agreement } 1/2-1/2

[Event "ICC tourney 2316 (120 10)"]
[Site "Internet Chess Club"]
[Date "2021.01.17"]
[Round "4"]
[White "ASharikov"]
[Black "xcelswimmer"]
[Result "1-0"]
[ICCResult "Black resigns"]
[WhiteElo "2281"]
[BlackElo "1937"]
[Opening "QGD Slav defense: exchange variation"]
[ECO "D10"]
[NIC "SL.01"]
[Time "16:16:39"]
[PlyCount "113"]
[TimeControl "7200+10"]

1. d4 d5 2. c4 c6 3. cxd5 cxd5 4. Bf4 Nc6 5. e3 Nf6 6. Nc3 Bf5 7. Be2 e6 8.
g4 Be4 9. f3 Bg6 10. h4 h6 11. Nh3 Qb6 12. Qd2 Bb4 13. Rc1 Rc8 14. a3 Ba5
15. Nf2 Nd7 16. O-O Qd8 17. h5 Bh7 18. Bd3 Bxd3 19. Nxd3 O-O 20. Qh2 f6 21.
b4 Bb6 22. Bd6 Re8 23. Nc5 Bxc5 24. dxc5 Nce5 25. e4 d4 26. Nb5 b6 27. Bxe5
Nxe5 28. Nd6 Qxd6 29. cxd6 Rxc1 30. Rxc1 Nxf3+ 31. Kg2 Nxh2 32. d7 Rd8 33.
Rc8 Kf7 34. Rxd8 Ke7 35. Ra8 Kxd7 36. Rxa7+ Kd6 37. Rxg7 d3 38. Kf2 b5 39.
Ke3 d2 40. Kxd2 Nf3+ 41. Kc3 Ng5 42. Rxg5 fxg5 43. Kd4 e5+ 44. Kc3 Kc6 45.
Kb3 Kb6 46. a4 Ka6 47. axb5+ Kxb5 48. Kc3 Kb6 49. Kc4 Kc6 50. b5+ Kb6 51.
Kb4 Kb7 52. Kc5 Kc7 53. Kd5 Kb6 54. Kxe5 Kxb5 55. Kf6 Kc6 56. e5 Kd7 57.
Kf7 { Black resigns } 1-0

[Event "ICC tourney 2316 (120 10)"]
[Site "Internet Chess Club"]
[Date "2021.01.17"]
[Round "4"]
[White "pawnpush202044"]
[Black "mchessmaster"]
[Result "0-1"]
[ICCResult "White resigns"]
[WhiteElo "1892"]
[BlackElo "1955"]
[Opening "QGD: Janowski variation"]
[ECO "D31"]
[NIC "EO.64"]
[Time "16:16:33"]
[PlyCount "66"]
[TimeControl "7200+10"]

1. c4 e6 2. d4 d5 3. Nc3 a6 4. cxd5 exd5 5. Nf3 c6 6. Bf4 Bd6 7. Bg3 Bxg3
8. hxg3 Nf6 9. e3 Bf5 10. Nh4 Bg4 11. Be2 h5 12. Nf3 Nbd7 13. Ng5 Bxe2 14.
Qxe2 Ng4 15. Nh3 Qe7 16. Nf4 g6 17. Rc1 Ndf6 18. Nd3 O-O 19. Kd2 Rfe8 20.
Rce1 Qd6 21. Nf4 c5 22. dxc5 Qxc5 23. Nd3 Qa5 24. Qf1 Ne4+ 25. Ke2 Nxe3 26.
Qg1 Nxc3+ 27. bxc3 Nxg2+ 28. Kd2 Qxa2+ 29. Kd1 Qb1+ 30. Kd2 Nxe1 31. Nxe1
Qb2+ 32. Nc2 Rac8 33. Qd1 Rxc3 { White resigns } 0-1

[Event "ICC tourney 2316 (120 10)"]
[Site "Internet Chess Club"]
[Date "2021.01.17"]
[Round "4"]
[White "SuperWJ"]
[Black "checkninja"]
[Result "0-1"]
[ICCResult "White resigns"]
[WhiteElo "1959"]
[BlackElo "2007"]
[Opening "Benoni defense"]
[ECO "A61"]
[NIC "BI.38"]
[Time "16:16:31"]
[PlyCount "92"]
[TimeControl "7200+10"]

1. d4 Nf6 2. c4 c5 3. d5 e6 4. Nc3 exd5 5. cxd5 d6 6. Nf3 g6 7. Bf4 a6 8.
a4 Bg7 9. h3 O-O 10. e3 Ne8 11. Be2 Nd7 12. O-O Qe7 13. Nd2 f5 14. a5 Ne5
15. Na4 g5 16. Bxe5 Bxe5 17. Nb6 Rb8 18. Ndc4 Kh8 19. Nxc8 Rxc8 20. Qc2 Bg7
21. Bd3 Qf6 22. f4 g4 23. hxg4 fxg4 24. Bxh7 Qh4 25. Be4 g3 26. Rfe1 Nf6
27. Bf3 Ng4 28. Bxg4 Qxg4 29. Qd1 Qh4 30. Qf3 Rf6 31. Kf1 Rg6 32. Ke2 Qe7
33. Kd2 Qd7 34. Qe4 Rh6 35. Nb6 Qb5 36. Nxc8 Qxb2+ 37. Qc2 Bc3+ 38. Kd3 c4+
39. Kxc4 Qxc2 40. Rac1 Qf5 41. Kxc3 Qxc8+ 42. Kd4 Qd8 43. Rc3 Qxa5 44. Rec1
Kg7 45. Rc7+ Kf6 46. Rxb7 Qd2+ { White resigns } 0-1

[Event "ICC tourney 2316 (120 10)"]
[Site "Internet Chess Club"]
[Date "2021.01.17"]
[Round "4"]
[White "PawnEatingZombi"]
[Black "Chessking2008"]
[Result "1/2-1/2"]
[ICCResult "Game drawn by repetition"]
[WhiteElo "2190"]
[BlackElo "2200"]
[Opening "Nimzo-Indian: classical variation"]
[ECO "E32"]
[NIC "NI.24"]
[Time "16:16:35"]
[PlyCount "90"]
[TimeControl "7200+10"]

1. d4 Nf6 2. c4 e6 3. Nc3 Bb4 4. Qc2 O-O 5. e4 d5 6. e5 Ne4 7. Bd3 c5 8.
Nf3 cxd4 9. Nxd4 Nd7 10. Bf4 Ndc5 11. O-O Nxd3 12. Qxd3 Nc5 13. Qg3 Kh8 14.
Rfd1 Bxc3 15. Qxc3 Qb6 16. Rac1 Bd7 17. cxd5 Rac8 18. d6 Na4 19. Qd2 Qxb2
20. Rc7 Qxd2 21. Bxd2 Rxc7 22. dxc7 Rc8 23. Rc1 Nb6 24. Bb4 Nd5 25. Bd6 Kg8
26. Rc5 b6 27. Rc1 f6 28. Nf3 Kf7 29. h3 Ke8 30. Nd4 Kf7 31. g3 h6 32. h4
f5 33. f4 g6 34. Kf2 a5 35. a3 h5 36. Kf3 Ke8 37. Kf2 a4 38. Kf3 Kf7 39.
Kf2 b5 40. Kf3 Ke8 41. Kf2 Kf7 42. Kf3 Ke8 43. Kf2 Kf7 44. Kf3 Ke8 45. Kf2
Kf7 { Game drawn by repetition } 1/2-1/2

[Event "ICC tourney 2316 (120 10)"]
[Site "Internet Chess Club"]
[Date "2021.01.17"]
[Round "4"]
[White "ahu1015"]
[Black "yqd123yqd456"]
[Result "1/2-1/2"]
[ICCResult "Game drawn by mutual agreement"]
[WhiteElo "1993"]
[BlackElo "2366"]
[Opening "Sicilian: Pelikan, Chelyabinsk variation"]
[ECO "B33"]
[NIC "SI.37"]
[Time "16:16:44"]
[PlyCount "46"]
[TimeControl "7200+10"]

1. e4 c5 2. Nf3 Nc6 3. d4 cxd4 4. Nxd4 Nf6 5. Nc3 e5 6. Ndb5 d6 7. Bg5 a6
8. Na3 b5 9. Nd5 Be7 10. Bxf6 Bxf6 11. c3 O-O 12. Be2 Bg5 13. O-O Be6 14.
Bf3 Rb8 15. Nc2 a5 16. Qd3 Ne7 17. Nce3 Bxe3 18. Nxe3 Qc7 19. Rfd1 Rfd8 20.
g3 b4 21. c4 Rb6 22. Rac1 Rc6 23. b3 Ra8 { Game drawn by mutual agreement }
1/2-1/2

[Event "ICC tourney 2316 (120 10)"]
[Site "Internet Chess Club"]
[Date "2021.01.17"]
[Round "4"]
[White "Mapking1"]
[Black "analyst1"]
[Result "0-1"]
[ICCResult "White resigns"]
[WhiteElo "1935"]
[BlackElo "2466"]
[Opening "Sicilian: dragon, 6.Be3"]
[ECO "B72"]
[NIC "SI.15"]
[Time "16:16:51"]
[PlyCount "98"]
[TimeControl "7200+10"]

1. e4 c5 2. Nf3 g6 3. d4 cxd4 4. Nxd4 Nf6 5. Nc3 d6 6. Be3 a6 7. f3 Bg7 8.
Qd2 h5 9. O-O-O b5 10. Kb1 Nbd7 11. Nc6 Qc7 12. Nb4 Bb7 13. Nbd5 Nxd5 14.
Nxd5 Bxd5 15. exd5 Rc8 16. Bd3 Nb6 17. Bxb6 Qxb6 18. Qe2 Bf6 19. Rhe1 Kf8
20. c3 Kg7 21. Qe3 Qb7 22. Bf1 Rc5 23. Qe4 h4 24. g4 hxg3 25. hxg3 Rh5 26.
g4 Re5 27. Qc2 Rxe1 28. Rxe1 g5 29. Qe4 Qxd5 30. Qxd5 Rxd5 31. Kc2 Rc5 32.
Kb3 e6 33. a4 bxa4+ 34. Kxa4 Rc6 35. Ka5 d5 36. Rd1 Bd8+ 37. Ka4 Be7 38.
Ka5 Kf6 39. Rc1 Ke5 40. b4 Bd8+ 41. Ka4 Kf4 42. Be2 Ke3 43. Rc2 d4 44. Bd1
d3 45. Rh2 Rxc3 46. Rh3 Rc1 47. f4+ Ke4 48. Bf3+ Kxf4 49. Bb7 d2 { White
resigns } 0-1

[Event "ICC tourney 2316 (120 10)"]
[Site "Internet Chess Club"]
[Date "2021.01.17"]
[Round "4"]
[White "Volkov"]
[Black "mhebden"]
[Result "1-0"]
[ICCResult "Black resigns"]
[WhiteElo "2607"]
[BlackElo "2503"]
[Opening "King's Indian: Gligoric-Taimanov system"]
[ECO "E92"]
[NIC "KI.18"]
[Time "16:16:42"]
[PlyCount "73"]
[TimeControl "7200+10"]

1. d4 Nf6 2. c4 g6 3. Nc3 Bg7 4. e4 d6 5. Nf3 O-O 6. Be2 e5 7. Be3 Ng4 8.
Bg5 f6 9. Bh4 Nc6 10. d5 Ne7 11. Nd2 Nh6 12. f3 c5 13. dxc6 bxc6 14. b4 g5
15. Bf2 f5 16. O-O Kh8 17. Nb3 fxe4 18. Nxe4 d5 19. Nxg5 Ng6 20. h4 Nf5 21.
Nc5 Nf4 22. g3 Nxe2+ 23. Qxe2 Qf6 24. cxd5 cxd5 25. Kh2 h6 26. Nh3 Nd6 27.
Rad1 d4 28. f4 Qf5 29. Ng1 exf4 30. Bxd4 fxg3+ 31. Kg2 Qd5+ 32. Nf3 Qf7 33.
Bxg7+ Qxg7 34. Rxd6 Bg4 35. Qe3 Rxf3 36. Rxh6+ Kg8 37. Rxf3 { Black resigns
} 1-0